 Dungeon Crawl Stone Soup version 0.31.0-32-g396128a36d (webtiles) character file.

Game seed: 14190265971299334003

2193 PaiMei the Reanimator (level 9, -5/58 (69) HPs)
             Began as a Demonspawn Necromancer on Apr 11, 2024.
             Slain by a wight
             ... wielding a +2 great sword
              (10 damage)
             ... on level 6 of the Dungeon.
             The game lasted 00:14:26 (9752 turns).

PaiMei the Reanimator (Demonspawn Necromancer)      Turns: 9752, Time: 00:14:26

HP:   -5/58 (69)    AC:  5    Str:  8    XL:     9   Next: 12%
MP:   17/17         EV: 14    Int: 20    God:
Gold: 408           SH:  0    Dex: 14    Spells: 11/19 levels left

rFire   . . .        G - +2 spear (heavy)
rCold   . . .        (no shield)
rNeg    . . .        a - +0 robe
rPois   .            (helmet restricted)
rElec   .            (no cloak)
rCorr   .            k - +0 pair of gloves
SInv    .            v - +0 pair of boots
Will    .....        t - amulet of regeneration
Stlth   ++           (no ring)
HPRegen 1.09/turn    (no ring)
MPRegen 0.15/turn

%: no passive effects
@: heavily drained
A: antennae 1, powered by pain 2, sharp scales 1, demonic magic 2
a: no special abilities


You were on level 6 of the Dungeon.
You visited 2 branches of the dungeon, and saw 8 of its levels.

You collected 408 gold pieces.

Inventory:

Hand Weapons
 u - a +0 short sword of draining
 E - a +3 scimitar
 G - a +2 heavy spear (weapon)
Missiles
 c - 7 poisoned darts (quivered)
Armour
 a - a +0 robe (worn)
 k - a +0 pair of gloves (worn)
 v - a +0 pair of boots (worn)
 C - a +0 kite shield
Jewellery
 e - an amulet of faith
 t - an amulet of regeneration (around neck)
 y - the ring of Ethracym {+Blink AC+4 Int-5 Slay+3}
   (You found it on level 6 of the Dungeon)

   [ring of protection]

   AC+4:      It affects your AC (+4).
   Int-5:     It affects your intelligence (-5).
   Slay+3:    It affects your accuracy & damage with ranged weapons and melee
   (+3).
   +Blink:    It lets you blink.
Wands
 B - a wand of mindburst (8)
 D - a wand of charming (7)
 F - a wand of polymorph (6)
Scrolls
 d - a scroll of revelation {unknown}
 f - 2 scrolls of noise {unknown}
 h - 4 scrolls of teleportation {unknown}
 i - 2 scrolls of enchant armour {unknown}
 j - a scroll of fog {unknown}
 l - 2 scrolls of butterflies {unknown}
 m - 4 scrolls of blinking {unknown}
 n - 4 scrolls of identify {unknown}
 q - a scroll of fear {unknown}
 r - a scroll of vulnerability {unknown}
 s - a scroll of silence {unknown}
 w - a scroll of immolation {unknown}
Potions
 b - a potion of magic
 g - 3 potions of might {unknown}
 o - 2 potions of attraction {unknown}
 p - a potion of berserk rage
 x - 2 potions of brilliance {unknown}
 z - a potion of curing
 A - a potion of invisibility {unknown}


   Skills:
 + Level 5.7 Fighting
 + Level 5.7 Dodging
 - Level 2.0 Stealth
 + Level 5.8 Spellcasting
 + Level 8.0 Necromancy


You had 11 spell levels left.
You knew the following spells:

 Your Spells              Type           Power      Damage    Failure   Level
a - Necrotise             Necr           100%       1d9       1%          1
b - Vampiric Draining     Necr           37%        2d8       1%          3
c - Animate Dead          Necr           37%        N/A       4%          4

Your spell library contained the following spells:

 Spells                   Type           Power      Damage    Failure   Level
 Kiss of Death            Conj/Necr      84%        2d11      1%          1
 Dispel Undead            Necr           37%        3d15      4%          4
 Foxfire                  Conj/Fire      20%        2x1d5     11%         1
 Curse of Agony           Necr           37%        N/A       11%         5
 Confusing Touch          Hex            5%         N/A       32%         3
 Gell's Gravitas          Tloc           5%         N/A       32%         3
 Stone Arrow              Conj/Erth      10%        3d7       32%         3
 Teleport Other           Tloc           5%         N/A       32%         3
 Animate Armour           Summ/Erth      10%        N/A       71%         4
 Dispersal                Tloc           2%         N/A       100%        6
 Plasma Beam              Fire/Air       2%         2x1d12    100%        6
 Starburst                Conj/Fire      2%         6d3       100%        6
 Lehudib's Crystal Spear  Conj/Erth      2%         10d2      100%        8


Dungeon Overview and Level Annotations

Branches:
Dungeon (7/15)             Temple (1/1) D:5

Altars:
Ashenzari
Cheibriados
Dithmenos
Fedhas
Gozag
Hepliaklqana
Nemelex Xobeh
Okawaru
Qazlal
Ru
Sif Muna
Trog
Uskayaw
Vehumet
Wu Jian
Xom
Yredelemnul

Shops:
D:7 *

Annotations:
D:5 3 runed translucent doors, AlmostFaded's ghost, novice OpDe; flammie80's ghost, weakling FoMo; uncleiroh's ghost, novice DrFi
Temple 4 transporters


Innate Abilities, Weirdness & Mutations

You have a pair of small antennae on your head.
You sometimes gain power by taking damage.
You are partially covered in razor-sharp scales. (AC +1, Slay +1)
Spells you cast may paralyse nearby enemies.


Message History

The wight closely misses you. x2
The wight barely misses you. The wight completely misses you.
The wight attacks as it pursues you! The wight misses you.
An orc comes into view. It is wielding a +0 whip.
An orc priest and a bullfrog come into view.
There is a stone staircase leading up, spattered with blood here.
You climb upwards.
There is a stone staircase leading down, spattered with blood here.
You start waiting.
You feel a little less agile now.
There is a stone staircase leading down here.
There is a stone staircase leading down here.
You climb downwards.
Found a robe.
There is a stone staircase leading up here.
A wight is nearby!
A bullfrog comes into view.
Found a stone staircase leading down.
There is a stone staircase leading up here.
The wight closely misses you.
You climb upwards.
There is a stone staircase leading down here.
You closely miss the wight. The wight closely misses you.
The wight hits you with a +2 great sword.
You feel drained.
You hit the wight but do no damage.
The wight hits you with a +2 great sword!
You feel drained.
The wight hits you with a +2 great sword!
You hit the wight but do no damage.
The wight hits you with a +2 great sword!
* * * LOW HITPOINT WARNING * * *
You puncture the wight!
The wight is heavily damaged.
The wight hits you with a +2 great sword!
* * * LOW HITPOINT WARNING * * *
You feel drained.
* * * LOW HITPOINT WARNING * * *
The wight hits you with a +2 great sword!
You die...

....##.# #.#.....##.#
....##.# #.......##.##
....##.######.....#...#####
######...# #.....#.#.....#
###.# #######...###.# #.#
##### #.# #.# #.#
#.############## #.#
########.##....z@.....# #.#
......##.##.#####.###.###.#
.####.##....# #.# #(....#
.####.####### #.###.#####
...##.# #.....# ...##.#
####### ......# ...####
##.#####


You could see a wight.

Vanquished Creatures
  A troll (D:4)
  A water moccasin (D:5)
  Duvessa (D:4)
  An ice beast (D:6)
  A sky beast (D:7)
  3 ogres
  A phantom (D:5)
  2 gnoll sergeants
  2 bullfrogs (D:6)
  A scorpion (D:4)
  2 wights
  Dowan (D:4)
  2 bombardier beetles
  3 jellies
  4 hounds
  3 orc priests
  An iguana (D:4)
  4 orc wizards
  A sleepcap (D:4)
  10 gnolls
  6 adders
  A shadow imp (D:6)
  3 white imps
  2 dart slugs (D:4)
  19 orcs
  4 endoplasms
  2 giant cockroaches
  8 goblins
  4 hobgoblins
  5 quokkas
  10 ball pythons
  5 bats
  2 frilled lizards
  10 kobolds
  5 rats
131 creatures vanquished.

Vanquished Creatures (collateral kills)
  A gnoll (D:4)
  An endoplasm (D:4)
2 creatures vanquished.

Grand Total: 133 creatures vanquished

Notes
Turn   | Place    | Note
-------+----------+-------------------------------------------
     0 | D:1      | PaiMei the Demonspawn Necromancer began the quest for the
                  | Orb.
     0 | D:1      | Reached XP level 1. HP: 13/13 MP: 3/3
   288 | D:1      | Gained mutation: You sometimes gain a little power by
                  | taking damage. [demonic ancestry]
   288 | D:1      | Reached XP level 2. HP: 12/19 MP: 1/5
  1136 | D:2      | Gained mutation: You are partially covered in razor-sharp
                  | scales. (AC +1, Slay +1) [demonic ancestry]
  1136 | D:2      | Reached XP level 3. HP: 21/25 MP: 1/6
  1493 | D:2      | Reached skill level 1 in Fighting
  1651 | D:2      | Learned a level 3 spell: Vampiric Draining
  1715 | D:2      | Gained mutation: You have a pair of small antennae on your
                  | head. [demonic ancestry]
  1715 | D:2      | Reached XP level 4. HP: 32/32 MP: 4/7
  2711 | D:3      | Reached skill level 5 in Necromancy
  3606 | D:3      | Gained mutation: Spells you cast may paralyse adjacent
                  | enemies. [demonic ancestry]
  3606 | D:3      | Reached XP level 5. HP: 38/38 MP: 6/9
  3758 | D:4      | Noticed Duvessa
  4192 | D:4      | Gained mutation: You sometimes gain power by taking damage.
                  | [demonic ancestry]
  4192 | D:4      | Reached XP level 6. HP: 46/46 MP: 1/11
  4450 | D:4      | Noticed Dowan
  4485 | D:4      | Killed Duvessa
  4813 | D:4      | Killed Dowan
  5074 | D:5      | Entered Level 5 of the Dungeon
  5511 | D:4      | Reached skill level 6 in Necromancy
  5511 | D:4      | Reached XP level 7. HP: 31/52 MP: 5/12
  6110 | D:5      | Found a snail-covered altar of Cheibriados.
  6231 | D:5      | Found a staircase to the Ecumenical Temple.
  6238 | Temple   | Found a transporter.
  6238 | Temple   | Found a transporter.
  6238 | Temple   | Found a transporter.
  6238 | Temple   | Found a transporter.
  6238 | Temple   | Entered the Ecumenical Temple
  6665 | D:5      | Noticed a troll
  6729 | D:4      | Killed a troll
  6730 | D:4      | Gained mutation: Spells you cast may paralyse nearby
                  | enemies. [demonic ancestry]
  6730 | D:4      | Reached XP level 8. HP: 61/61 MP: 5/15
  6946 | D:5      | Reached skill level 7 in Necromancy
  7112 | D:5      | Found a runed translucent gate.
  7112 | D:5      | Found a runed translucent gate.
  7117 | D:5      | Found a runed translucent gate.
  7118 | D:5      | Noticed AlmostFaded's ghost (novice OpDe)
  7118 | D:5      | Noticed flammie80's ghost (weakling FoMo)
  7118 | D:5      | Noticed uncleiroh's ghost (novice DrFi)
  7216 | D:5      | Reached skill level 5 in Spellcasting
  7450 | D:5      | Learned a level 4 spell: Animate Dead
  7548 | D:6      | Reached skill level 5 in Dodging
  7597 | D:6      | Identified the ring of Ethracym {+Blink AC+4 Int-5 Slay+3}
  7659 | D:6      | Reached skill level 5 in Fighting
  8254 | D:7      | Found Tinn's General Store.
  9290 | D:7      | Reached XP level 9. HP: 68/68 MP: 13/17
  9603 | D:7      | Reached skill level 8 in Necromancy
  9752 | D:6      | Slain by a wight

Illustrated notes

Levels and vault maps discovered:
D:1:      dpeg_arrival_morbid_curiosity, layout_loops_ring
D:2:      layout_rooms
D:3:      layout_loops_corners
D:4:      layout_cave_pools, nicolae_overflow_hidden_temple,
          wad_floor_pattern_untrapped, kennysheep_doodads, uniq_duvessa
D:5:      layout_basic, mainiacjoe_overflow_concentric_impassable,
          minmay_temple_entry_trees, gammafunk_ghost_cemetery, serial_aquarium,
          aquarium_bridge_island_large [aquarium_subvault_large_open,
          aquarium_subvault_window, aquarium_subvault_bridge,
          aquarium_subvault_wall, aquarium_subvault_bridge],
          aquarium_bridge_straight [aquarium_subvault_bridge,
          aquarium_subvault_window, aquarium_subvault_bridge,
          aquarium_subvault_window], aquarium_window_2, aquarium_window_2,
          aquarium_view_2d, aquarium_balcony_3a, fountainhead,
          grunt_decor_mini_mirrors, minmay_circle_x
D:6:      layout_loops_cross
D:7:      cheibrodos_quashed, layout_rooms, serial_shops, nicolae_stop_n_shop_1,
          minmay_manual_mail
Temple:   hellmonk_temple_divided_pantheon

Skill      XL: |  1  2  3  4  5  6  7  8  9 |
---------------+----------------------------+-----
Stealth        | 2 |  2.0
Dodging        | 2 3 4 5 |  5.7
Fighting       | 1 2 3 4 5 |  5.7
Necromancy     | 5 6 7 8 |  8.0
Spellcasting   | 3 4 5 |  5.8

Action                     |  1- 3 |  4- 6 |  7- 9 || total
---------------------------+-------+-------+-------++-------
  Melee: Unarmed           |     8 |       |       ||     8
         Dagger            |    12 |    12 |       ||    24
         Punch             |     1 |       |     1 ||     2
         Short sword       |       |    30 |   114 ||   144
         Mace              |       |    11 |       ||    11
         Scimitar          |       |       |    26 ||    26
         Spear             |       |       |    14 ||    14
   Cast: Necrotise         |    59 |   106 |    79 ||   244
         Vampiric Draining |       |    13 |    31 ||    44
  Evoke: Wand              |       |       |     1 ||     1
    Use: Potion            |       |     1 |     1 ||     2
   Stab: Paralysed         |       |     5 |    19 ||    24
 Armour: Robe              |    22 |    82 |   140 ||   244
  Dodge: Dodged            |    28 |    66 |   114 ||   208
